 Dungeon Crawl Stone Soup version 0.26.1-11-gd32895ea62 (webtiles) character file.

Game seed: 15384664096256741254

32 dtburroughs the Chopper (level 3, -3/33 HPs)
             Began as a Minotaur Berserker on July 10, 2021.
             Was a Believer of Trog.
             Slain by Crazy Yiuf
             ... wielding a +4 quarterstaff of chaos
              (10 damage)
             ... on level 2 of the Dungeon.
             The game lasted 00:01:27 (1766 turns).

dtburroughs the Chopper (Minotaur Berserker)        Turns: 1766, Time: 00:01:27

Health: -3/33      AC:  9    Str: 21    XL:     3   Next: 8%
Magic:  2/2        EV:  8    Int:  5    God:    Trog [**....]
Gold:   109        SH:  0    Dex:  9    Spells: 2/2 levels left

rFire    . . .     SeeInvis .   a - +0 hand axe
rCold    . . .     Faith    .   (no shield)
rNeg     . . .     Spirit   .   e - +0 chain mail (curse)
rPois    .         Reflect  .   (helmet restricted)
rElec    .         Harm     .   (no cloak)
rCorr    .         Rampage  .   (no gloves)
Will     .....                  (no boots)
Stlth    ..........             (no amulet)
HPRegen  0.11/turn              (no ring)
MPRegen  0.08/turn              (no ring)

@: confused, lethally poisoned (-3 -> -6)
A: retaliatory headbutt, horns 2
a: Renounce Religion, Berserk, Trog's Hand


You were on level 2 of the Dungeon.
You worshipped Trog.
Trog was pleased with you.
You visited 1 branch of the dungeon, and saw 2 of its levels.

You collected 109 gold pieces.

Inventory:

Hand Weapons
 a - a +0 hand axe (weapon)
Armour
 b - a +0 animal skin
 d - a cursed +0 ring mail
 e - a cursed +0 chain mail (worn)
 g - a +0 chain mail
Jewellery
 n - an uncursed amulet of regeneration {unknown}
Scrolls
 f - 2 scrolls of identify {unknown}
 i - a scroll of remove curse {unknown}
 j - a scroll of enchant weapon {unknown}
 o - a scroll of enchant armour {unknown}
Potions
 c - a potion of lignification {unknown}
 h - a potion of invisibility {unknown}
 k - a potion of might {unknown}
 l - a potion of resistance {unknown}
 m - a potion of degeneration {unknown}


   Skills:
 + Level 4.0 Fighting
 + Level 4.1 Axes
 + Level 3.0 Armour
 + Level 2.7 Dodging


You had 2 spell levels left.
You didn't know any spells.
Your spell library was empty.

Dungeon Overview and Level Annotations

Branches:
Dungeon (2/15)

Altars:
Elyvilon

Annotations:
D:2 Crazy Yiuf


Innate Abilities, Weirdness & Mutations

You reflexively headbutt those who attack you in melee.
You have a pair of horns on your head.


Message History

Crazy Yiuf hits you with a +4 quarterstaff of chaos!
Crazy Yiuf freezes you.
You hit Crazy Yiuf. You headbutt Crazy Yiuf.
Crazy Yiuf is moderately wounded.
Crazy Yiuf hits you with a +4 quarterstaff of chaos.
You are confused.
You are too confused!
You hit Crazy Yiuf but do no damage. You headbutt Crazy Yiuf!
Crazy Yiuf is almost dead.
You feel sick.
Crazy Yiuf hits you with a +4 quarterstaff of chaos.
You bump into the tree.
Crazy Yiuf hits you with a +4 quarterstaff of chaos.
* * * LOW HITPOINT WARNING * * *
Crazy Yiuf burns you.
* * * LOW HITPOINT WARNING * * *
You bump into the tree.
You feel sick.
Crazy Yiuf twirls on the spot.
Crazy Yiuf hits you with a +4 quarterstaff of chaos!
You die...

#.....###....# #.# ##.
#.....# #....# #####.# ##
#.....# ♣....♣
#.....#####. #.....#
♣...♣♣ ####........
#..(..# ♣♣.♣♣ ##.##..#.
####### ♣.♣♣ #..#.### ♣♣.♣
##.#.# ♣.♣♣ #.#.### ♣♣@♣
#...#.. #g# #..##.. ...
#..##.. ### #...# #......
#.# #..)# ######..##.. #.#
##### #.......##.. #.#
######.###..
###.###############..# #..
#....................#####


You could see Crazy Yiuf.

Vanquished Creatures
  2 leopard geckos (D:1)
  2 ball pythons
  2 giant cockroaches (D:2)
  3 goblins (D:1)
  3 hobgoblins (D:1)
  4 jackals (D:1)
  3 kobolds
  4 bats (D:1)
  A frilled lizard (D:1)
  A rat (D:1)
25 creatures vanquished.

Notes
Turn   | Place    | Note
-------+----------+-------------------------------------------
     0 | D:1      | dtburroughs the Minotaur Berserker began the quest for the
                  | Orb.
     0 | D:1      | Reached XP level 1. HP: 19/19 MP: 0/0
   201 | D:1      | Reached XP level 2. HP: 17/27 MP: 1/1
   601 | D:1      | Reached ** piety under Trog
  1224 | D:2      | Reached XP level 3. HP: 33/33 MP: 2/2
  1445 | D:2      | Found a white marble altar of Elyvilon.
  1496 | D:2      | Found a runed translucent door.
  1497 | D:2      | Noticed Crazy Yiuf
  1766 | D:2      | Slain by Crazy Yiuf

Illustrated notes

Levels and vault maps discovered:
D:1:      elethiomel_arrival_infinity_welcomes_careful_drivers, layout_basic,
          interstate_on_off, minivault_23, minmay_small_reverse_x
D:2:      layout_rooms, elyvilon_altar_4, minivault_19, minmay_misc_feat_alley,
          minmay_tetromino_s2, uniq_crazy_yiuf_cottage

Skill      XL: |  1  2 |
---------------+-------+-----
Axes           | 4 |  4.1
Fighting       | 4 |  4.0
Armour         | 3 |  3.0
Dodging        | |  2.7

Action                   || total
-------------------------++-------
Melee: Hand axe          ||    38
       Headbutt          ||     6
 Stab: Sleeping          ||     2
Armor: Animal skin       ||    14
       Chain mail        ||     4
Dodge: Dodged            ||    39
